 Dungeon Crawl Stone Soup version 0.28-a0-1629-gf728b707aa (webtiles) character file.

Game seed: 10881131729291311135

27 Shayle the Grasshopper (level 2, -4/23 HPs)
             Began as a Demonspawn Warper on Jan 24, 2022.
             Shot with an arrow by a centaur (5 damage)
             ... on level 3 of the Dungeon.
             The game lasted 00:03:09 (1734 turns).

Shayle the Grasshopper (Demonspawn Warper)          Turns: 1734, Time: 00:03:10

Health: -4/23      AC:  3    Str: 11    XL:     2   Next: 93%
Magic:  5/5        EV: 11    Int: 14    God:
Gold:   73         SH:  0    Dex: 12    Spells: 5/5 levels left

rFire   . . .      SeeInvis .     - Unarmed
rCold   . . .      Faith    .   (no shield)
rNeg    . . .      Spirit   .   a - +0 leather armour
rPois   .          Reflect  .   (no helmet)
rElec   .          Harm     .   (no cloak)
rCorr   .          Rampage  .   (no gloves)
Will    .....                   (no boots)
Stlth   +.........              (no amulet)
HPRegen 0.07/turn               (no ring)
MPRegen 0.09/turn               (no ring)

@: no status effects
A: powered by death 1
a: no special abilities


You were on level 3 of the Dungeon.
You visited 1 branch of the dungeon, and saw 3 of its levels.

You collected 73 gold pieces.

Inventory:

Missiles
 c - 5 boomerangs of dispersal (quivered)
Armour
 a - a +0 leather armour (worn)
Scrolls
 b - a scroll of blinking
Potions
 e - a potion of might {unknown}
 g - a potion of berserk rage {unknown}
 h - a potion of flight {unknown}


   Skills:
 + Level 2.5 Fighting
 - Level 0.8 Throwing
 - Level 0.8 Armour
 - Level 1.7 Dodging
 + Level 1.3 Stealth
 + Level 2.3 Unarmed Combat
 - Level 2.0 Spellcasting
 - Level 2.6 Translocations


You had 5 spell levels left.
You didn't know any spells.
Your spell library contained the following spells:

 Spells                   Type           Power      Damage    Failure   Level
 Blink                    Tloc           16%        N/A       16%         2
 Gell's Gravitas          Tloc           8%         N/A       30%         3
 Lesser Beckoning         Tloc           8%         N/A       30%         3
 Teleport Other           Tloc           8%         N/A       30%         3
 Static Discharge         Conj/Air       1%         N/A       43%         2
 Manifold Assault         Tloc           8%         N/A       96%         5
 Lightning Bolt           Conj/Air       0%         1d11      100%        5
 Maxwell's Capacitive Co  Air            0%         ∞         100%        8


Dungeon Overview and Level Annotations

Branches:
Dungeon (2/15)

Altars:
Vehumet


Innate Abilities, Weirdness & Mutations

You regenerate a little health from kills.


Message History

The ball python closely misses you. The ball python barely misses you.
Okay, then.
Okay, then.
As you read the scroll labelled BOSAB XAOHYM, it crumbles to dust.
You hear a loud clanging noise!
It was a scroll of noise.
You hear a shout! x3
The ball python misses you. The ball python barely misses you.
As you read the scroll labelled CUROVY XAID UCVO, it crumbles to dust.
It is a scroll of enchant weapon.
You aren't carrying any weapons that can be enchanted.
The quokka bites you. The ball python closely misses you. x2
The quokka bites you.
The ball python bites you but does no damage.
The ball python barely misses you. The ball python misses you.
The ball python closely misses you.
The endoplasm quivers.
The kobold hits you but does no damage. The quokka closely misses you.
The endoplasm closely misses you.
You hit the endoplasm.
The endoplasm is lightly wounded.
The endoplasm freezes you.
You are frozen.
The quokka closely misses you. The ball python barely misses you.
The ball python closely misses you.
The endoplasm hits you but does no damage.
The kobold hits you but does no damage. The endoplasm freezes you.
You are frozen.
The quokka bites you. The quokka bites you.
A centaur comes into view.
Found a purple potion.
The centaur shouts!
Found 17 gold pieces.
The centaur wields a +0 shortbow.
The centaur shoots an arrow.
The arrow hits you!
* * * LOW HITPOINT WARNING * * *
The quokka barely misses you.
The centaur shoots an arrow.
The arrow hits you.
You die...

#..#..#...# #....#.....
#...#..#... #..#..#....
#....#..... .
#S..#..#... ...
#..#..#....
.....#########o..)......
#.....@.#..K.S#........
#######.rJ#####........
$........!..........##
##.....#.............
#....................
#.....#####c.........
.....#.# ........##
........ ... ....... ..


You could see a centaur, an endoplasm and a quokka.

Vanquished Creatures
  4 endoplasms
  2 giant cockroaches (D:1)
  2 hobgoblins (D:2)
  A quokka (D:1)
  3 ball pythons
  2 bats
  4 goblins
  4 kobolds
  4 rats
26 creatures vanquished.

Notes
Turn   | Place    | Note
-------+----------+-------------------------------------------
     0 | D:1      | Shayle the Demonspawn Warper began the quest for the Orb.
     0 | D:1      | Reached XP level 1. HP: 16/16 MP: 3/3
   528 | D:1      | Gained mutation: You regenerate a little health from kills.
                  | [demonic ancestry]
   528 | D:1      | Reached XP level 2. HP: 16/22 MP: 5/5
   759 | D:1      | Reached skill level 1 in Stealth
   860 | D:1      | Found a faded altar of an unknown god.
  1371 | D:2      | Found a radiant altar of Vehumet.
  1688 | D:2      | You fall into a shaft and drop 1 floor!
  1731 | D:3      | Noticed a centaur
  1732 | D:3      | HP: 1/23 [centaur/arrow (10)]
  1734 | D:3      | Shot with an arrow by a centaur

Illustrated notes

Levels and vault maps discovered:
D:1:      dpeg_arrival_rhombus, layout_rooms,
          hellmonk_ecumenical_altar_crossroads
D:2:      layout_basic, basic_altar, minmay_misc_feat_square, fountainhead
D:3:      layout_rooms, minmay_misc_feat_diagonals, hex_intersection

Skill      XL: |  1  2 |
---------------+-------+-----
Unarmed Combat | 2 |  2.3
Stealth        | 1 |  1.3
Fighting       | |  2.5
Throwing       | |  0.8
Armour         | |  0.8
Dodging        | |  1.7
Spellcasting   | |  2.0
Translocations | |  2.6

Action                   || total
-------------------------++-------
Melee: Unarmed           ||   102
       Punch             ||     3
  Use: Scroll            ||     2
Armor: Leather armour    ||    19
Dodge: Dodged            ||    65

Table legend: (Time is in decaauts)
 A = Elapsed time spent in this place.
 B = Non-inter-level travel time spent in this place.
 C = Inter-level travel time spent in this place.
 D = Time resting spent in this place.
 E = Time spent auto-exploring this place.
 F = Levels seen in this place.
 G = Mean time per level.
                   A        B        C        D        E       F      G
               +--------+--------+--------+--------+--------+-----+--------+
         Total |   1732 |   1707 |     25 |    299 |    992 |   3 |  577.3 |
       Dungeon |   1732 |   1707 |     25 |    299 |    992 |   3 |  577.3 |
               +--------+--------+--------+--------+--------+-----+--------+

Top non-repeatable levels by time:
     D:1: 917 daAuts
     D:2: 768 daAuts
     D:3: 45 daAuts
